AoeStats
← Mr. Penis

Nomad

506378482Analyzed
4v4 RM · 18d ago on Sep 13, 2026· 23m 34s· 8 players
Game mode
Random Map
Map size
231×231
Population
200
Speed
Normal
Resources
Standard
Victory
Conquest
Starting age
Dark Age
Ending age
Imperial Age
RankedLock teamsTeams togetherTeam positionsShared explorationLock speedFull tech treeHidden civsTurbo modeCheats
Victory
Defeat
🇹🇷 Bulgarians · Türkiye
1305
+15
🇷🇺 Jurchens · Russia
1276
+16
🇨🇳 Vietnamese · China
1270
+16
🇹🇼 Koreans · Taiwan
1250
+17
🇬🇧 Portuguese · United Kingdom
1306
-16
🇬🇧 Romans · United Kingdom
1288
-17
🇫🇷 Mongols · France
1273
-16
🇳🇱 Malians · Netherlands
1257
-15
mathlemas
6:22 Loom
13:49 Feudal Age
18:18 Castle Age
17:25 Fletching
'The Glue'
6:43 Loom
13:38 Feudal Age
15:17 Town Watch
21:51 Castle Age
21:42 Double-Bit Axe
21:50 Fletching
22:00 Stone Mining
cdb
4:43 Loom
13:46 Feudal Age
14:16 Double-Bit Axe
14:22 Gold Mining
15:46 Town Watch
18:04 Wheelbarrow
22:16 Castle Age
20:42 Horse Collar
22:36 Fletching
22:47 Padded Archer Armor
23:11 Medium Warships
Brandon
3:35 Loom
5:41 Loom
14:18 Feudal Age
18:22 Castle Age
16:36 Stone Mining
16:50 Double-Bit Axe
20:37 Fletching
22:02 Scale Mail Armor
22:15 Forging
RifRaf
3:14 Loom
14:33 Feudal Age
15:20 Fishing Lines
18:26 Castle Age
16:15 Double-Bit Axe
16:46 Scale Mail Armor
17:36 Forging
18:17 Horse Collar
22:32 Fletching
22:50 Town Watch
Mr. Penis
14:55 Feudal Age
16:43 Double-Bit Axe
16:41 Horse Collar
19:19 Castle Age
18:51 Gold Mining
20:46 Bow Saw
24:14 Wheelbarrow
23:25 Loom
24:47 Gold Shaft Mining
hobbyya
3:13 Loom
15:37 Feudal Age
17:20 Fletching
25:10 Castle Age
23:22 Double-Bit Axe
12014665
6:04 Loom
13:30 Feudal Age
18:11 Castle Age
17:18 Double-Bit Axe
18:21 Horse Collar
19:25 Bow Saw
23:57 Fletching
Connection lost

Rejoining the realm…

Still unreachable

The connection could not be restored.

Session expired

The server has moved on; the page needs a fresh start.